 Dungeon Crawl Stone Soup version 0.31-a0-473-g61b50ae490 (webtiles) character file.

Game seed: 10372735350251596471

713 Gelion the Changeling (level 7, -1/48 HPs)
             Began as an Octopode Shapeshifter on Aug 6, 2023.
             Was an Initiate of Gozag.
             Slain by an ogre
             ... wielding a +0 giant spiked club
              (11 damage)
             ... on level 5 of the Dungeon.
             The game lasted 00:05:45 (3732 turns).

Gelion the Changeling (Octopode Shapeshifter)       Turns: 3732, Time: 00:05:45

Health: -1/48      AC:  1    Str: 15    XL:     7   Next: 69%
Magic:  7/7        EV: 13    Int: 10    God:    Gozag
Gold:   207        SH:  0    Dex: 14    Spells: 6/6 levels left

rFire   . .          .
                       - Unarmed
rCold   . . .        (no shield)
rNeg    . . .        (helmet currently unavailable)
rPois   .            (no amulet)
rElec   .            m - ring of see invisible
rCorr   .            (no ring)
SInv    +            (no ring)
Will    .....        (no ring)
Stlth   ++           (no ring)
HPRegen 0.28/turn    (no ring)
MPRegen 0.10/turn    (no ring)
                     (no ring)

%: no passive effects
@: beast-form
A: beast (slay +4), almost no armour, amphibious, 8 rings, camouflage 1,
gelatinous body 1, (nimble swimmer 1), tentacles
a: Begin Untransformation, Renounce Religion, Potion Petition, Call Merchant,
Bribe Branch


You were on level 5 of the Dungeon.
You worshipped Gozag.
Gozag was aware of your devotion.
You were a hulking beast.
You visited 2 branches of the dungeon, and saw 6 of its levels.

You collected 298 gold pieces.
You paid 91 gold pieces to Gozag.

Inventory:

Missiles
 o - 4 silver javelins
Jewellery
 m - a ring of see invisible (left tentacle)
Talismans
 b - a beast talisman (active)
 i - a talisman of death
 r - a storm talisman
Wands
 q - a wand of roots (8)
Scrolls
 d - 2 scrolls of fog
 e - a scroll of fear {unknown}
 f - a scroll of enchant armour
 g - a scroll of teleportation {unknown}
 h - a scroll of identify
 l - a scroll of brand weapon
Potions
 a - a potion of lignification
 c - 3 potions of heal wounds
 j - 2 potions of degeneration {unknown}
 k - 2 potions of cancellation
 n - a potion of enlightenment {unknown}
 p - a potion of ambrosia {unknown}
 s - 2 potions of mutation {unknown}
 t - a potion of attraction {unknown}


   Skills:
 + Level 4.0 Fighting
 - Level 2.0 Dodging
 + Level 5.0 Unarmed Combat
 * Level 5.7 Shapeshifting


You had 6 spell levels left.
You didn't know any spells.
Your spell library contained the following spells:

 Spells                   Type           Power      Damage    Failure   Level
 Ensorcelled Hibernation  Hex/Ice        0%         N/A       50%         2
 Passwall                 Tmut/Erth      0%         N/A       50%         2
 Sublimation of Blood     Necr           0%         N/A       50%         2
 Wereblood                Tmut           0%         N/A       50%         2
 Swiftness                Air            0%         N/A       75%         3
 Volatile Blastmotes      Fire/Tloc      0%         2d10      75%         3
 Fulminant Prism          Conj/Hex       0%         3d5       98%         4
 Iskenderun's Mystic Bla  Conj/Tloc      0%         2d3       98%         4
 Summon Hydra             Summ           0%         N/A       100%        7


Dungeon Overview and Level Annotations

Branches:
Dungeon (5/15)             Temple (1/1) D:5

Altars:
Ashenzari
Dithmenos
Elyvilon
Fedhas
Gozag
Hepliaklqana
Makhleb
Nemelex Xobeh
Okawaru
Qazlal
Ru
Trog
Uskayaw
Vehumet
Wu Jian
Xom
Yredelemnul
Zin
The Shining One


Innate Abilities, Weirdness & Mutations

You are a hulking beast.
Your limbs bulge with bestial killing power. (Slay +4)
You cannot wear most types of armour.
You are amphibious.
You can wear up to eight rings at the same time.
Your skin changes colour to match your surroundings (Stealth+).
Your rubbery body absorbs attacks. (AC +1, EV +1)
((You are camouflaged when in or above water. (Stealth+)))
You have tentacles for arms and can constrict up to eight enemies at once.


Message History

Your Unarmed Combat skill increases to level 5!
The jackal is distracted by your dazzling golden aura.
Things that are here:
18 gold pieces; a +0 giant club The jackal is no longer distracted by gold.
The jackal is distracted by your dazzling golden aura.
You closely miss the jackal.
The jackal is no longer distracted by gold.
Your grab misses the jackal.
Your tentacle-slap misses the jackal.
Your squeeze misses the jackal. The jackal closely misses you.
You barely miss the jackal. You grab the jackal. You squeeze the jackal.
You kill the jackal!
You now have 189 gold pieces (gained 5).
You now have 207 gold pieces (gained 18).
You see here a +0 giant club.
You enter the shallow water.
You enter the shallow water.
Key pressed, stopping explore.
Found a radiant altar of Vehumet.
Found a short sword.
Found an escape hatch in the ceiling.
n - a lumpy grey potion
There is an escape hatch in the ceiling here.
You see here a +0 short sword.
You enter the shallow water.
An ogre comes into view. It is wielding a +0 giant spiked club.
Found 11 gold pieces.
An ogre is nearby!
An ogre is nearby!
The helpless ogre fails to defend itself.
You bludgeon the ogre! You squeeze the ogre.
The ogre is heavily wounded.
The ogre hits you with a +0 giant spiked club!!!
Ouch! That really hurt!
* * * LOW HITPOINT WARNING * * *
You bludgeon the ogre! Your squeeze misses the ogre.
The ogre is severely wounded.
The ogre hits you with a +0 giant spiked club!
You die...
Your body crumbles into a pile of gold.

..................#..##~
.................##..##♣
................##...#.♣
...............#........
#...........##..####..#
##.....##...## ##..#
##..####....####...#
##...###............#
#..$h.##.#######....#
#....O.....# ####.#
#...##.#.### ####. ####
##### #...# #####


You could see an ogre.

Vanquished Creatures
  Duvessa (D:4)
  2 ogres
  2 scorpions (D:4)
  Dowan (D:4)
  A howler monkey (D:5)
  2 hounds
  An iguana (D:4)
  An orc wizard (D:5)
  4 adders
  An ufetubus (D:5)
  A worm (D:3)
  4 dart slugs
  4 orcs
  6 ball pythons
  4 endoplasms
  4 giant cockroaches
  12 goblins
  9 hobgoblins
  5 jackals
  3 quokkas
  2 bats
  5 frilled lizards
  7 kobolds
  4 rats
86 creatures vanquished.

Notes
Turn   | Place    | Note
-------+----------+-------------------------------------------
     0 | D:1      | Gelion the Octopode Shapeshifter began the quest for the
                  | Orb.
     0 | D:1      | Reached XP level 1. HP: 13/13 MP: 1/1
     2 | D:1      | Noticed a vine stalker
     2 | D:1      | Noticed an ogre
     4 | D:1      | Noticed a formicid
     4 | D:1      | Noticed a tengu
     6 | D:1      | Noticed a minotaur
     6 | D:1      | Noticed a troll
     8 | D:1      | Noticed a demonspawn
    10 | D:1      | Noticed a draconian
    12 | D:1      | Noticed an elf
    14 | D:1      | Noticed an armataur
    14 | D:1      | Noticed a felid
    16 | D:1      | Noticed a gargoyle
    16 | D:1      | Noticed a meteoran
    18 | D:1      | Noticed a merfolk
    18 | D:1      | Noticed a ghoul
    20 | D:1      | Noticed an octopode
    20 | D:1      | Noticed a human
    22 | D:1      | Noticed a naga
    22 | D:1      | Noticed a demigod
    24 | D:1      | Noticed a troll
    24 | D:1      | Noticed a vampire
    26 | D:1      | Noticed a spriggan
    26 | D:1      | Noticed a tengu
    74 | D:1      | Reached XP level 2. HP: 18/18 MP: 2/2
   485 | D:1      | Reached XP level 3. HP: 20/23 MP: 3/3
   996 | D:2      | Reached XP level 4. HP: 28/29 MP: 4/4
  1682 | D:3      | Reached XP level 5. HP: 34/34 MP: 5/5
  2336 | D:4      | Noticed an ogre
  2337 | D:4      | Noticed Duvessa
  2343 | D:4      | Noticed Dowan
  2346 | D:4      | Killed an ogre
  2353 | D:4      | Killed Duvessa
  2354 | D:4      | Reached XP level 6. HP: 15/42 MP: 6/6
  2358 | D:4      | Killed Dowan
  2448 | D:4      | Reached skill level 5 in Shapeshifting
  2462 | D:4      | Reached XP level 7. HP: 10/46 MP: 7/7
  3057 | D:5      | Entered Level 5 of the Dungeon
  3148 | D:5      | Found a staircase to the Ecumenical Temple.
  3187 | Temple   | Entered the Ecumenical Temple
  3195 | Temple   | Became a worshipper of Gozag Ym Sagoz the Greedy
  3497 | D:5      | Reached skill level 5 in Unarmed Combat
  3599 | D:5      | Found a radiant altar of Vehumet.
  3732 | D:5      | Slain by an ogre

Illustrated notes

Levels and vault maps discovered:
D:1:      kb_arrival_jail, layout_basic
D:2:      layout_loops_cross
D:3:      layout_basic, fountainhead
D:4:      layout_rooms, minmay_quantized, uniq_duvessa
D:5:      layout_layer_cave, mainiacjoe_overflow_six_doors_small,
          mainiacjoe_overflow_tiny_flanked, minmay_temple_entry_junction_2,
          serial_bayou, serial_bayou_pond_e, serial_bayou_pond_e,
          serial_bayou_pond_a, serial_bayou_pond_d, serial_bayou_ford_a,
          serial_bayou_lake_a, uniq_prince_ribbit1, uniq_sigmund
Temple:   nicolae_temple_two_arcs

Skill      XL: |  1  2  3  4  5  6  7 |
---------------+----------------------+-----
Fighting       | 2 3 4 |  4.0
Shapeshifting  | 4 5 |  5.7
Unarmed Combat | 4 5 |  5.0
Dodging        | |  2.0

Action                     |  1- 3 |  4- 6 |  7- 9 || total
---------------------------+-------+-------+-------++-------
  Melee: Unarmed           |    64 |    67 |    41 ||   172
         Tentacles         |    12 |    16 |    10 ||    38
         Constrict         |    12 |    17 |    10 ||    39
         Punch             |       |     2 |     2 ||     4
  Evoke: Wand              |       |     1 |       ||     1
    Use: Scroll            |       |    10 |       ||    10
         Potion            |       |     2 |       ||     2
   Stab: Sleeping          |     6 |     4 |     2 ||    12
 Armour: Skin              |     1 |    19 |     1 ||    21
  Dodge: Dodged            |    42 |    20 |    19 ||    81

Table legend: (Time is in decaauts)
 A = Elapsed time spent in this place.
 B = Non-inter-level travel time spent in this place.
 C = Inter-level travel time spent in this place.
 D = Time resting spent in this place.
 E = Time spent auto-exploring this place.
 F = Levels seen in this place.
 G = Mean time per level.
                   A        B        C        D        E       F      G
               +--------+--------+--------+--------+--------+-----+--------+
         Total |   3718 |   3589 |    129 |    207 |   2795 |   6 |  619.7 |
       Dungeon |   3701 |   3586 |    115 |    207 |   2795 |   5 |  740.2 |
        Temple |     16 |      2 |     14 |      0 |      0 |   1 |   16.0 |
               +--------+--------+--------+--------+--------+-----+--------+

Top non-repeatable levels by time:
     D:3: 920 daAuts
     D:4: 777 daAuts
     D:2: 718 daAuts
     D:5: 656 daAuts
     D:1: 628 daAuts
  Temple: 16 daAuts
